Map: Oxide LE

Players

Scarlett - Winner!

  • Race: Zerg Zerg

Nina

  • Race: Protoss Protoss

Event: DreamHack SC2 Masters 2021 Winter

VOD

Have the link to the VOD?

Description

Time

  • Played on: Oct. 13, 2021, 4:04 p.m.
  • Length: 10:32

All games in this series

Show
View Real Time Build Order
Export as new Build Order

Scarlett Zerg - Winner!

Build Orders: Hatch First 

Get SALT Encoding   

  12  0:00  Drone  
  13  0:12  Overlord  
  13  0:16  Drone  
  14  0:31  Drone x2  
  16  0:46  Hatchery  
  15  0:50  Drone  
  15  0:54  Drone  
  17  0:57  Drone  
  18  1:08  Extractor  
  17  1:12  Spawning Pool  
  17  1:16  Drone  
  17  1:19  Drone  
  18  1:28  Drone  
  19  1:39  Drone  
  20  1:53  Drone  
  21  1:59  Queen x2  
  21  2:00  Zergling x2  
  26  2:01  Overlord  
  26  2:10  Drone  
  26  2:11  Drone  
  26  2:12  Metabolic Boost  
  28  2:21  Drone  
  29  2:23  Drone  
  30  2:32  Drone  
  30  2:33  Hatchery  
  30  2:41  Queen  
  32  2:45  Overlord  
  32  2:48  Drone  
  32  2:49  Drone  
  34  2:56  Drone x2  
  37  3:05  Zergling x4  
  37  3:07  Overlord  
  37  3:08  Drone x2  
  39  3:26  Drone x3  
  42  3:28  Queen x2  
  46  3:35  Drone x2  
  46  3:39  Drone x3  
  46  3:41  Spore Crawler  
  49  3:52  Queen  
  51  3:56  Drone, Overlord  
  51  3:57  Drone x5  
  57  4:03  Overlord  
  57  4:04  Overlord  
  57  4:07  Spore Crawler  
  56  4:11  Overlord  
  56  4:12  Drone x2  
  56  4:15  Queen  
  60  4:20  Drone x3  
  63  4:30  Drone x3  
  66  4:32  Roach Warren, Extractor x2  
  66  4:34  Drone x2  
  65  4:39  Drone x4  
  65  4:42  Lair  
  69  4:48  Drone x4  
  73  4:54  Drone x5  
  73  4:58  Overlord  
  78  5:00  Drone  
  78  5:01  Drone  
  78  5:03  Extractor  
  78  5:04  Drone x2, Extractor  
  78  5:06  Extractor  
  79  5:08  Evolution Chamber  
  79  5:12  Drone x6  
  84  5:20  Drone x2  
  86  5:22  Overlord x2  
  86  5:23  Queen  
  88  5:29  Drone x4  
  92  5:36  Zerg Missile Weapons Level 1, Roach x2  
  95  5:46  Roach x5  
  95  5:48  Hatchery  
  104  5:50  Overseer  
  104  5:51  Overlord  
  104  5:52  Glial Reconstitution  
  104  5:54  Queen  
  106  5:59  Queen  
  106  6:02  Queen  
  110  6:14  Hatchery  
  110  6:18  Roach x5  
  120  6:19  Overlord x5  
  120  6:32  Queen  
  120  6:36  Queen  
  120  6:38  Roach x8  
  140  6:42  Ravager x5  
  140  6:43  Ravager x3  
  140  6:44  Overlord  
  140  6:46  Overseer  
  148  6:55  Roach x3, Overlord  
  148  6:56  Overlord  
  154  7:03  Overlord  
  154  7:04  Roach x4  
  154  7:08  Overlord x2  
  162  7:15  Roach x5  
  172  7:16  Ravager x2  
  172  7:21  Roach x2, Overlord x2  
  177  7:27  Queen x2  
  179  7:44  Queen  
  179  7:48  Zerg Ground Armor Level 1  
  169  8:02  Queen x2  
  169  8:03  Roach x10  
  169  8:04  Roach x2  
  197  8:19  Queen  
  185  8:35  Spire  
  185  8:38  Queen  
  184  8:43  Ravager x7  
  184  8:47  Queen x2  
  185  8:50  Extractor  
  185  8:53  Extractor  
  185  8:55  Queen  
  169  9:12  Drone x9  
  169  9:14  Queen  
  176  9:22  Queen  
  176  9:23  Queen  
  175  9:31  Queen  
  140  9:49  Queen  
  125  9:53  Corruptor x12  
  155  10:22  Hatchery  
Show
View Real Time Build Order
Export as new Build Order

Nina Protoss 

Build Orders: 1 Gate Expand, Oracle Opening 

Get SALT Encoding   

  12  0:00  Probe  
  13  0:12  Probe  
  14  0:18  Pylon  
  14  0:24  Probe (Chrono Boost)  
  15  0:36  Probe (Chrono Boost)  
  15  0:39  Gateway  
  16  0:45  Probe (Chrono Boost)  
  17  0:50  Assimilator, Probe  
  18  1:03  Probe  
  19  1:15  Probe  
  20  1:27  Nexus  
  20  1:34  Cybernetics Core  
  20  1:37  Probe  
  21  1:47  Pylon  
  21  1:49  Probe  
  21  1:52  Assimilator  
  22  2:01  Probe (Chrono Boost)  
  23  2:10  Adept  
  23  2:13  Probe (Chrono Boost)  
  26  2:21  Probe (Chrono Boost), Stargate  
  27  2:28  Probe (Chrono Boost)  
  28  2:32  Warp Gate  
  28  2:40  Adept  
  28  2:41  Probe x2 (Chrono Boost)  
  32  2:50  Probe x2 (Chrono Boost)  
  34  2:55  Probe x2 (Chrono Boost)  
  36  3:00  Void Ray (Chrono Boost), Pylon  
  36  3:08  Probe  
  36  3:09  Probe  
  42  3:20  Probe  
  42  3:23  Probe  
  44  3:31  Gateway  
  44  3:32  Probe  
  45  3:34  Pylon  
  45  3:35  Probe  
  45  3:41  Oracle (Chrono Boost)  
  49  3:44  Probe  
  49  3:47  Probe  
  51  3:53  Assimilator  
  51  3:55  Assimilator  
  51  3:56  Probe  
  51  3:57  Pylon  
  51  3:59  Probe  
  53  4:06  Void Ray  
  53  4:08  Probe  
  54  4:12  Probe  
  59  4:21  Probe  
  59  4:24  Probe  
  61  4:25  Nexus  
  61  4:28  Pylon  
  61  4:33  Probe  
  61  4:35  Protoss Air Weapons Level 1  
  61  4:36  Probe, Stargate  
  63  4:44  Void Ray  
  63  4:45  Probe  
  64  4:49  Probe  
  69  4:57  Probe, Forge  
  70  5:03  Gateway  
  70  5:07  Pylon  
  70  5:10  Gateway, Probe  
  70  5:11  Probe  
  72  5:16  Void Ray  
  72  5:22  Void Ray, Probe  
  72  5:24  Pylon  
  72  5:28  Probe, Pylon  
  78  5:35  Probe  
  83  5:40  Probe  
  84  5:44  Probe  
  84  5:47  Probe  
  86  5:53  Void Ray (Chrono Boost)  
  86  5:54  Probe  
  86  5:55  Shield Battery  
  86  5:56  Probe  
  88  5:58  Robotics Facility  
  88  6:00  Void Ray (Chrono Boost)  
  88  6:03  Probe  
  93  6:10  Probe  
  98  6:13  Probe  
  98  6:14  Assimilator  
  98  6:15  Assimilator  
  98  6:16  Probe  
  100  6:19  Pylon  
  100  6:20  Protoss Ground Weapons Level 1  
  100  6:21  Gateway  
  100  6:24  Probe  
  101  6:27  Void Ray (Chrono Boost), Probe  
  101  6:28  Probe  
  101  6:29  Pylon  
  101  6:32  Pylon  
  103  6:36  Probe  
  103  6:38  Void Ray (Chrono Boost)  
  108  6:42  Probe x2  
  108  6:46  Observer  
  115  6:49  Twilight Council, Pylon  
  115  6:50  Pylon  
  115  6:56  Gateway  
  115  6:57  Gateway, Void Ray  
  119  7:11  Fleet Beacon  
  119  7:12  Zealot x2  
  123  7:18  Nexus  
  123  7:20  Zealot x3  
  128  7:25  Void Ray, Shield Battery  
  128  7:27  Shield Battery  
  128  7:31  Pylon  
  128  7:35  Void Ray  
  130  7:39  Shield Battery  
  130  7:40  Zealot x2  
  118  8:02  Void Ray, Zealot x3  
  119  8:12  Zealot x2  
  118  8:29  Tempest  
  110  8:35  Shield Battery  
  110  8:37  Photon Cannon  
  110  8:38  Zealot x3  
  105  8:45  Tempest  
  105  8:46  Zealot x2  
  96  8:56  Templar Archives  
  96  9:06  Void Ray  
  96  9:10  Zealot x3  
  96  9:15  Probe  
  99  9:22  Void Ray  
  88  9:32  Probe  
  88  9:44  Void Ray  
  87  10:12  Nexus  

Tags
 
Add a new tag
Caveats
  • Supply blocks, unpowered buildings, or Contaminate may cause inaccurate times.
  • Supply counts are checked every 10 seconds.